 Dungeon Crawl Stone Soup version 0.26.1-2-gb8aa6d0cf2 (webtiles) character file.

Game seed: 10366323403562558693

58 funkygono the Stinger (level 4, -3/27 HPs)
             Began as an Octopode Venom Mage on Mar 12, 2021.
             Killed by nerve-wracking pain
             ... invoked by an orc priest
              (12 damage)
             ... on level 3 of the Dungeon.
             The game lasted 00:03:40 (2015 turns).

funkygono the Stinger (Octopode Venom Mage)         Turns: 2015, Time: 00:03:41

Health: -3/27      AC:  1    Str:  7    XL:     4   Next: 1%
Magic:  3/8        EV: 13    Int: 18    God:
Gold:   139        SH:  0    Dex: 12    Spells: 2/8 levels left

rFire    . . .     SeeInvis .   a - -1 mace (curse)
rCold    . . .     Faith    .   (no shield)
rNeg     . . .     Spirit   .   (helmet restricted)
rPois    .         Reflect  .   (no amulet)
rElec    .         Harm     .   (no ring)
rCorr    .         Rampage  .   (no ring)
Will     .....                  (no ring)
Stlth    +++.......             (no ring)
HPRegen  0.09/turn              (no ring)
MPRegen  0.11/turn              (no ring)
                                (no ring)
                                (no ring)

@: no status effects
A: almost no armour, stealthy swim, amphibious, 8 rings, constrict 8, camouflage
1, gelatinous body 1
a: no special abilities


You were on level 3 of the Dungeon.
You visited 1 branch of the dungeon, and saw 3 of its levels.

You collected 139 gold pieces.

Inventory:

Hand Weapons
 a - a cursed -1 mace (weapon)
 b - a +0 dagger
Scrolls
 d - a scroll of magic mapping {unknown}
Potions
 c - a potion of flight
 e - a potion of curing {unknown}
 i - a potion of cancellation


   Skills:
 + Level 2.0 Dodging
 + Level 3.0 Stealth
 * Level 2.7 Spellcasting
 * Level 1.5 Transmutations
 * Level 4.7 Poison Magic


You had 2 spell levels left.
You knew the following spells:

 Your Spells              Type           Power        Failure   Level
a - Sting                 Tmut/Pois      52%          4%          1
b - Poisonous Vapours     Pois/Air       22%          10%         2
c - Ignite Poison         Fire/Tmut/Pois 9%           22%         3

Your spell library contained the following spells:

 Spells                   Type           Power        Failure   Level
 Olgreb's Toxic Radiance  Pois           19%          24%         4
 Mephitic Cloud           Conj/Pois/Air  8%           26%         3


Dungeon Overview and Level Annotations

Branches:
Dungeon (3/15)

Altars:
Dithmenos
Yredelemnul


Innate Abilities, Weirdness & Mutations

You cannot wear most types of armour.
You are very stealthy in the water. (Stealth+)
You are amphibious.
You can wear up to eight rings at the same time.
You can use your tentacles to constrict eight enemies at once.
Your skin changes colour to match your surroundings (Stealth+).
Your rubbery body absorbs attacks. (AC +1, EV +1)


Message History

Press: ? - help, Shift-Dir - straight line, f - orc priest
Aim: an orc priest, wielding a +0 club (29% to evade)
The sting hits the orc priest but does no damage.
The orc priest is poisoned.
The orc priest closely misses you.
Casting: Sting (safe; 4% risk of failure)
Confirm with . or Enter, or press ? or * to list all spells.
Aiming: Sting (safe; 4% risk of failure)
Press: ? - help, Shift-Dir - straight line, f/p - orc priest
Aim: an orc priest, wielding a +0 club (poisoned, 29% to evade)
The sting hits the orc priest.
The orc priest looks even sicker.
The orc priest is moderately wounded.
The orc priest barely misses you.
Things that are here:
a +0 short sword; a +0 leather armour The orc priest calls down the wrath of Beogh upon you.
Beogh smites you!
Ouch! That really hurt!
The orc priest invokes the aid of Beogh against you.
Pain shoots through your body!
You die...

#.#####.#
#.†.....# .#
####.#### .# #.#
.# #.#####.## .#
#........# .#
#######..# .#
#..#####.#
#...o).@.#
#..#######
#####[# .(.#)#
##.#.#
####....######.#
#....#.........#
#.##...o#####..#
#..?..#####..


You could see an orc priest (poisoned).

Vanquished Creatures
  2 adders (D:2)
  A worm (D:3)
  A leopard gecko (D:1)
  3 orcs (D:3)
  A giant cockroach (D:2)
  4 goblins
  7 hobgoblins
  2 kobolds (D:2)
  A quokka (D:2)
  3 bats
  3 frilled lizards
  2 rats (D:1)
30 creatures vanquished.

Notes
Turn   | Place    | Note
-------+----------+-------------------------------------------
     0 | D:1      | funkygono the Octopode Venom Mage began the quest for the
                  | Orb.
     0 | D:1      | Reached XP level 1. HP: 11/11 MP: 3/3
   423 | D:1      | Reached skill level 4 in Poison Magic
   423 | D:1      | Reached XP level 2. HP: 17/17 MP: 1/5
   929 | D:2      | Reached XP level 3. HP: 21/21 MP: 3/6
  1187 | D:2      | Found a shadowy altar of Dithmenos.
  1383 | D:2      | Found a basalt altar of Yredelemnul.
  1868 | D:2      | Learned a level 2 spell: Poisonous Vapours
  1872 | D:2      | Learned a level 3 spell: Ignite Poison
  2008 | D:3      | Reached XP level 4. HP: 25/27 MP: 4/8
  2015 | D:3      | Killed from afar by an orc priest

Illustrated notes

Levels and vault maps discovered:
D:1:      wander_arrival_lonely_grave, layout_loops_ring, fountainhead
D:2:      layout_basic, yredelemnul_altar_generic, lemuel_round_altar,
          kennysheep_generic_room_6
D:3:      layout_loops_ring, lemuel_crystal_altar,
          pdpol_wu_jian_five_deadly_venoms, elyvilon_altar_1

Skill      XL: |  1  2  3 |
---------------+----------+-----
Poison Magic   | 4 |  4.7
Stealth        | 3 |  3.0
Dodging        | |  2.0
Spellcasting   | |  2.7
Transmutations | |  1.5

Action                   |  1- 3 |  4- 6 || total
-------------------------+-------+-------++-------
Melee: Mace              |     3 |       ||     3
 Cast: Sting             |    49 |     2 ||    51
  Use: Scroll            |     6 |       ||     6
Armor: Skin              |     2 |       ||     2
Dodge: Dodged            |    16 |     2 ||    18
